Map: Tokamak LE

Players

HeroMarine - Winner!

  • Race: Terran Terran
  • Spawn Location: 7:00

Kelazhur

  • Race: Terran Terran
  • League: Master
  • Spawn Location: 1:00

Event: HomeStory Cup XXVII

VOD

Have the link to the VOD?

Description

Time

  • Played on: June 28, 2025, 2:58 p.m.
  • Length: 12:24

All games in this series

Show
View Real Time Build Order
Export as new Build Order

HeroMarine Terran - Winner!

Build Orders: Reaper Expand 

Get SALT Encoding   

  12  0:00  SCV  
  13  0:12  SCV  
  14  0:16  Supply Depot  
  14  0:24  SCV  
  15  0:38  SCV  
  15  0:40  Barracks  
  16  0:43  Refinery  
  16  0:50  SCV  
  17  1:02  SCV  
  18  1:14  SCV  
  19  1:27  Orbital Command, Reaper  
  20  1:41  Command Center  
  20  1:51  Supply Depot  
  20  1:52  SCV  
  21  1:59  Marine  
  22  2:04  SCV  
  23  2:09  Factory  
  23  2:16  SCV  
  23  2:17  Marine  
  23  2:21  Bunker  
  25  2:24  Refinery  
  25  2:29  SCV  
  26  2:34  Marine  
  27  2:41  SCV  
  28  2:52  Hellion, Marine  
  28  2:54  Starport, SCV  
  32  3:07  SCV  
  32  3:08  Orbital Command  
  32  3:12  Barracks Reactor  
  32  3:14  Factory Tech Lab  
  32  3:19  Refinery, SCV  
  33  3:31  Viking, SCV  
  39  3:34  Cyclone  
  39  3:35  SCV  
  40  3:43  SCV  
  40  3:45  Supply Depot  
  40  3:47  SCV  
  42  3:48  Marine  
  42  3:49  Marine  
  45  3:55  SCV  
  45  3:59  SCV  
  45  4:01  Starport Tech Lab  
  46  4:06  Cyclone, Marine  
  46  4:07  SCV  
  46  4:08  Marine  
  52  4:11  SCV  
  52  4:15  Supply Depot  
  52  4:19  Raven  
  52  4:22  Supply Depot  
  54  4:37  Command Center, SCV x2  
  56  4:39  Supply Depot  
  56  4:41  Interference Matrix  
  56  4:45  Siege Tank  
  56  4:49  SCV x2  
  61  4:54  Raven  
  61  4:55  Marine x2  
  65  5:01  SCV x2  
  67  5:09  Barracks x2  
  67  5:13  SCV x2  
  67  5:17  Siege Tank  
  67  5:18  Marine x2  
  72  5:25  SCV x2  
  72  5:26  Refinery, Supply Depot  
  68  5:37  SCV x2  
  70  5:47  Supply Depot  
  70  5:48  Supply Depot, Marine x2  
  70  5:49  Orbital Command  
  72  5:50  SCV x2  
  72  5:53  Starport Reactor  
  72  5:54  Cyclone  
  73  5:59  Viking  
  73  6:02  SCV x2  
  75  6:07  Marine x2  
  75  6:14  SCV x2  
  75  6:16  Barracks Tech Lab  
  75  6:17  Engineering Bay  
  75  6:18  SCV  
  78  6:21  Barracks  
  78  6:22  Barracks  
  78  6:25  Marine x2  
  78  6:26  SCV x2  
  79  6:35  Stimpack  
  79  6:36  Starport Reactor  
  79  6:37  Marauder  
  79  6:38  SCV x2  
  83  6:41  Marine  
  83  6:42  Marine  
  83  6:43  Orbital Command  
  81  6:47  Siege Tank  
  81  6:50  SCV x2  
  81  6:51  Missile Turret  
  86  6:58  Marauder  
  86  6:59  Marauder  
  86  7:01  Combat Shield, Terran Infantry Weapons Level 1  
  88  7:02  SCV x2  
  88  7:06  Marine x2  
  88  7:08  Missile Turret  
  92  7:13  SCV  
  92  7:14  SCV x2  
  92  7:15  Barracks Tech Lab, Barracks Reactor  
  94  7:16  Medivac  
  91  7:25  Marauder, SCV  
  91  7:26  SCV x2  
  96  7:34  Marauder  
  98  7:37  SCV  
  98  7:38  SCV x2  
  98  7:40  Medivac  
  98  7:42  Marauder  
  105  7:45  Concussive Shells  
  105  7:46  Medivac  
  105  7:47  Marauder  
  105  7:48  Missile Turret  
  105  7:49  SCV  
  105  7:50  SCV  
  105  7:51  Sensor Tower, SCV  
  112  7:53  Marine  
  112  7:54  Marine x2  
  112  7:56  Marauder  
  117  8:03  Marauder, Siege Tank  
  123  8:08  Marauder  
  123  8:11  Command Center  
  124  8:14  Marine  
  124  8:17  Supply Depot  
  124  8:18  Supply Depot, Marine, Medivac x2  
  124  8:19  Marauder  
  131  8:20  SCV x2  
  131  8:21  SCV  
  133  8:27  Marauder  
  133  8:32  SCV  
  132  8:36  Marauder  
  132  8:38  Marine x2  
  132  8:39  Marine x2  
  132  8:40  Marauder  
  114  8:48  Medivac x2  
  108  8:55  Barracks  
  110  8:56  Barracks, Marine  
  110  8:57  Barracks  
  118  9:03  Marauder x2, Marine x2  
  118  9:04  Marauder, Marine  
  118  9:07  Terran Infantry Armor Level 1  
  118  9:08  Engineering Bay, SCV x3  
  121  9:12  Armory  
  121  9:14  Factory Reactor, Marine  
  122  9:21  Marine x3  
  122  9:22  SCV x3  
  126  9:25  Marauder x3  
  126  9:27  Medivac  
  130  9:32  Marine  
  130  9:35  SCV x3  
  130  9:37  Refinery x2  
  131  9:39  Marine x3  
  134  9:46  Marauder x3  
  134  9:49  Barracks Tech Lab  
  140  9:53  Marine  
  140  9:57  Marine  
  140  9:59  Orbital Command  
  142  10:04  Marauder, Marine x3  
  142  10:05  Marine  
  148  10:07  Marauder, Terran Infantry Weapons Level 2  
  148  10:08  Marauder x2  
  148  10:10  SCV x3  
  148  10:13  Marauder  
  158  10:21  Marine  
  158  10:22  Marine x2  
  158  10:24  Marine  
  158  10:25  Marauder  
  158  10:27  Supply Depot  
  164  10:30  Marauder x3, Supply Depot  
  164  10:31  Supply Depot x2  
  164  10:32  Marine  
  171  10:35  Marine  
  172  10:43  Marine  
  172  10:45  SCV  
  172  10:47  Marine  
  172  10:49  Marauder x2  
  175  10:51  Marauder  
  170  11:01  Marauder x2, Marine x5  
  170  11:04  SCV x4  
  166  11:05  Marine  
  166  11:10  Marine x2  
  168  11:12  Marauder  
  168  11:16  SCV x4  
  168  11:18  Marine  
  168  11:19  Marine x4  
  168  11:22  Marauder x2  
  168  11:23  Marine  
  168  11:24  Medivac x2  
  176  11:28  Marauder x2  
  168  11:34  Marauder  
  168  11:36  Starport  
  168  11:37  Refinery, Starport  
  170  11:44  Marauder x2  
  174  11:49  Marauder x2  
  174  11:50  Refinery  
  174  11:51  Refinery  
  174  11:52  Marine x4  
  174  11:53  Command Center  
  182  11:54  Marine x2, Medivac x2  
  182  11:55  Marauder  
  172  12:05  Marine  
Show
View Real Time Build Order
Export as new Build Order

Kelazhur Terran 

Build Orders: Cyclone Opening, Mech 

Get SALT Encoding   

  12  0:00  SCV  
  13  0:12  SCV  
  14  0:17  Supply Depot  
  14  0:24  SCV  
  15  0:39  SCV  
  15  0:40  Barracks  
  16  0:43  Refinery  
  16  0:51  SCV  
  16  0:55  Refinery  
  17  1:03  SCV  
  18  1:15  SCV  
  19  1:27  Orbital Command, Reaper  
  19  1:29  Supply Depot  
  20  1:42  Factory  
  20  1:53  SCV  
  21  1:59  Reaper  
  22  2:05  SCV  
  23  2:15  Command Center  
  23  2:18  SCV  
  24  2:25  Factory Tech Lab  
  24  2:30  Supply Depot, SCV  
  25  2:43  Marine  
  26  2:44  Cyclone  
  26  2:45  SCV  
  30  2:57  SCV  
  29  3:07  Marine, Starport  
  29  3:09  SCV  
  31  3:16  Cyclone  
  34  3:21  SCV  
  34  3:24  Refinery  
  34  3:26  Barracks Tech Lab  
  35  3:28  Orbital Command  
  35  3:33  SCV  
  36  3:36  Hyperflight Rotors  
  36  3:40  Supply Depot  
  36  3:45  SCV  
  37  3:53  Banshee  
  40  3:56  SCV  
  40  3:57  SCV  
  42  4:08  SCV  
  42  4:09  Cyclone, SCV  
  47  4:15  Supply Depot  
  47  4:20  SCV  
  47  4:22  SCV  
  49  4:30  Supply Depot  
  49  4:32  SCV  
  49  4:34  SCV  
  49  4:35  Banshee  
  54  4:42  Cyclone, Refinery  
  54  4:45  SCV  
  58  4:46  SCV  
  59  4:56  Command Center  
  59  4:58  SCV x2  
  61  5:14  Cyclone, SCV  
  62  5:19  Banshee  
  65  5:22  SCV  
  65  5:26  SCV  
  67  5:33  Mag-Field Accelerator  
  67  5:35  SCV  
  68  5:36  Factory  
  68  5:37  Factory  
  68  5:40  SCV  
  66  5:49  SCV  
  67  6:01  SCV  
  71  6:04  Siege Tank  
  71  6:06  SCV  
  72  6:14  SCV  
  73  6:18  SCV  
  73  6:19  Engineering Bay, Armory  
  73  6:20  Supply Depot  
  73  6:21  Factory Reactor, Factory Tech Lab  
  74  6:26  SCV  
  74  6:30  SCV  
  73  6:33  Orbital Command  
  73  6:39  SCV  
  74  6:43  SCV  
  74  6:45  Siege Tank  
  78  6:48  Siege Tank  
  78  6:50  Refinery  
  78  6:51  SCV  
  78  6:52  Refinery  
  82  6:55  SCV  
  82  7:00  SCV  
  84  7:03  SCV  
  84  7:07  Viking x2, Factory, SCV  
  90  7:08  Factory Reactor, Command Center  
  90  7:10  Factory  
  90  7:13  SCV  
  90  7:15  SCV  
  92  7:19  SCV  
  93  7:24  Siege Tank x2  
  93  7:25  SCV  
  93  7:27  SCV  
  98  7:31  SCV  
  98  7:33  Missile Turret  
  98  7:35  Missile Turret x3  
  98  7:36  Missile Turret  
  99  7:37  SCV  
  99  7:39  SCV  
  99  7:41  Supply Depot  
  99  7:42  Sensor Tower  
  99  7:43  Supply Depot  
  101  7:44  Terran Vehicle Weapons Level 1  
  101  7:46  Supply Depot, Infernal Pre-Igniter  
  101  7:58  SCV  
  101  8:00  SCV  
  101  8:03  Viking x2, SCV  
  106  8:06  Siege Tank  
  106  8:10  SCV, Factory Tech Lab  
  110  8:13  Siege Tank  
  113  8:23  Hellion x2  
  113  8:24  Siege Tank  
  113  8:27  SCV x3  
  119  8:39  SCV x3  
  119  8:40  Siege Tank x2  
  103  8:47  Hellion x2  
  97  8:51  SCV x3  
  97  8:54  Viking x2  
  104  8:55  Sensor Tower  
  104  9:03  SCV x3  
  107  9:11  Siege Tank  
  107  9:15  SCV x3  
  103  9:27  SCV x2  
  103  9:29  Siege Tank  
  103  9:30  Siege Tank  
  109  9:32  SCV  
  108  9:39  SCV x2  
  108  9:41  Siege Tank  
  108  9:43  Siege Tank  
  108  9:45  SCV  
  117  9:46  Hellion x2, Planetary Fortress  
  117  9:51  SCV x2  
  123  9:57  SCV  
  124  10:02  Missile Turret  
  124  10:03  SCV x2  
  124  10:05  Missile Turret x2, Siege Tank  
  124  10:06  Missile Turret, Siege Tank  
  132  10:09  SCV  
  132  10:13  Hellion x2, Refinery  
  137  10:14  Refinery  
  137  10:15  SCV  
  137  10:16  Supply Depot, SCV  
  137  10:17  Supply Depot x2  
  137  10:18  Supply Depot  
  137  10:21  SCV  
  140  10:33  Supply Depot  
  140  10:35  Supply Depot  
  140  10:38  Viking x2, Siege Tank, SCV x3  
  140  10:41  Hellion x2  
  154  10:48  Supply Depot  
  154  10:49  Supply Depot  
  153  10:51  Siege Tank  
  153  10:52  SCV x2  
  152  11:03  SCV  
  153  11:04  SCV  
  153  11:05  Siege Tank  
  153  11:06  Hellion  
  153  11:11  SCV  
  160  11:12  Siege Tank  
  160  11:16  Siege Tank  
  157  11:23  Siege Tank  
  157  11:25  SCV x2  
  130  11:26  Orbital Command  
  130  11:32  Viking x2  
  120  11:37  Siege Tank, SCV x3  
  126  11:47  Sensor Tower  
  126  11:49  SCV x3  
  126  11:52  Missile Turret, Siege Tank x2  
  134  12:01  SCV x3  
Tags
 
Add a new tag
Caveats
  • Supply blocks, unpowered buildings, or Contaminate may cause inaccurate times.
  • Supply counts are checked every 10 seconds.